 Dungeon Crawl Stone Soup version 0.28-a0-589-g333b8329f1 (webtiles) character file.

Game seed: 8565318725721530937

633 blank1 the Skirmisher (level 7, -2/63 HPs)
             Began as a Minotaur Fighter on Oct 3, 2021.
             Was an Initiate of Okawaru.
             Slain by an unseen horror (6 damage)
             ... on level 6 of the Dungeon.
             The game lasted 00:07:09 (4483 turns).

blank1 the Skirmisher (Minotaur Fighter)            Turns: 4483, Time: 00:07:10

Health: -2/63      AC: 13    Str: 23    XL:     7   Next: 24%
Magic:  6/6        EV:  7    Int:  5    God:    Okawaru [......]
Gold:   257        SH:  4    Dex:  9    Spells: 6/6 levels left

rFire   . . .      SeeInvis .   a - +0 flail
rCold   . . .      Faith    .   c - +0 buckler
rNeg    + . .      Spirit   .   i - +0 plate armour
rPois   .          Reflect  .   (helmet restricted)
rElec   .          Harm     .   (no cloak)
rCorr   .          Rampage  .   p - +0 pair of gloves
Will    +....                   (no boots)
Stlth   ..........              (no amulet)
HPRegen 0.20/turn               f - ring of willpower
MPRegen 0.10/turn               n - ring of positive energy

@: studying Conjurations
A: horns 2, retaliatory headbutt
a: Renounce Religion


You were on level 6 of the Dungeon.
You worshipped Okawaru.
Okawaru was noncommittal.
You visited 2 branches of the dungeon, and saw 7 of its levels.

You collected 257 gold pieces.

Inventory:

Hand Weapons
 a - a +0 flail (weapon)
 m - a +0 antimagic hand axe
Armour
 c - a +0 buckler (worn)
 i - a +0 plate armour (worn)
 p - a +0 pair of gloves (worn)
Jewellery
 b - an amulet of reflection
 f - a ring of willpower (left hand)
 n - a ring of positive energy (right hand)
Scrolls
 g - 4 scrolls of identify
 j - a scroll of silence
 k - a scroll of summoning {unknown}
 o - 2 scrolls of teleportation {unknown}
 q - a scroll of enchant armour {unknown}
Potions
 d - a potion of might
 e - 2 potions of flight
 h - 2 potions of magic
 l - a potion of attraction
 r - a potion of lignification


   Skills:
 - Level 6.0 Fighting
 + Level 5.9 Maces & Flails
 + Level 5.9 Armour
 - Level 3.0 Dodging
 - Level 4.0 Shields


You had 6 spell levels left.
You didn't know any spells.
Your spell library contained the following spells:

 Spells                   Type           Power      Damage    Failure   Level
 Shock                    Conj/Air       0%         1d3       100%        1
 Ozocubu's Armour         Ice            0%         N/A       100%        3
 Swiftness                Air            0%         N/A       100%        3
 Airstrike                Air            0%         N/A       100%        4
 Ozocubu's Refrigeration  Ice            0%         4d5       100%        7


Dungeon Overview and Level Annotations

Branches:
Dungeon (6/15)             Temple (1/1) D:5

Altars:
Dithmenos
Elyvilon
Fedhas
Hepliaklqana
Nemelex Xobeh
Okawaru
Trog
Uskayaw
Zin
The Shining One

Shops:
D:2 :   D:4 (


Innate Abilities, Weirdness & Mutations

You have a pair of horns on your head.
You reflexively headbutt those who attack you in melee.


Message History

The centaur hits you but does no damage.
The centaur kicks you.
You barely miss the centaur.
The centaur is moderately wounded.
Something completely misses you. x2; The centaur hits you.
The centaur barely misses you.
The centaur hits you but does no damage.
The centaur kicks you but does no damage.
You hit the centaur. Your headbutt misses the centaur.
The centaur is heavily wounded.
Something hits you. You block the centaur's attack.
The centaur barely misses you. Something hits you.
The centaur hits you but does no damage.
The centaur kicks you but does no damage.
You hit the centaur.
The centaur is severely wounded.
Something hits you but does no damage. x2
The centaur hits you but does no damage.
The centaur barely misses you.
Unknown command.
You sock the centaur!
You kill the centaur!
Okawaru accepts your kill. Something hits you but does no damage.
Something hits you but does no damage.
Things that are here:
a +0 shortbow; 17 arrows Something hits you!
* * * LOW HITPOINT WARNING * * *
Something hits you.
* * * LOW HITPOINT WARNING * * *
Something hits you but does no damage. Something hits you.
* * * LOW HITPOINT WARNING * * *
Something hits you but does no damage. Something hits you.
* * * LOW HITPOINT WARNING * * *
Something hits you but does no damage. Something hits you.
* * * LOW HITPOINT WARNING * * *
Something hits you.
You die...

....).
......?.....
..8888.+....
..8........
..8._).#..######
..8....#........
.......#........
.$.....#@.......
........{.[.....
.≈≈≈≈≈≈.≈≈......
.≈.......≈......
.≈.###.#.≈.#####
.≈ ...#.≈..# .
#._.#.≈..#
#...#)≈..#
#.###.≈..#


There were no monsters in sight!

Vanquished Creatures
  3 centaurs
  A bullfrog (D:4)
  A scorpion (D:5)
  A water moccasin skeleton (D:4)
  A howler monkey (D:5)
  A hound (D:4)
  An iguana (D:4)
  A gnoll (D:1)
  A howler monkey skeleton (D:2)
  3 adders
  An ufetubus (D:4)
  4 worms
  2 dart slugs (D:1)
  An orc (D:4)
  7 ball pythons
  3 bats
  4 endoplasms
  4 giant cockroaches
  8 goblins
  8 hobgoblins
  3 jackals (D:2)
  A quokka (D:4)
  4 frilled lizards
  9 kobolds
  7 rats
80 creatures vanquished.

Notes
Turn   | Place    | Note
-------+----------+-------------------------------------------
     0 | D:1      | blank1 the Minotaur Fighter began the quest for the Orb.
     0 | D:1      | Reached XP level 1. HP: 19/19 MP: 0/0
   169 | D:1      | Reached XP level 2. HP: 16/27 MP: 1/1
   322 | D:1      | Reached skill level 4 in Fighting
   376 | D:1      | Reached XP level 3. HP: 33/33 MP: 2/2
   994 | D:2      | Found Tuckaxt's Book Shop.
  1178 | D:2      | Reached skill level 1 in Dodging
  1178 | D:2      | Reached XP level 4. HP: 40/40 MP: 3/3
  1611 | D:3      | Found a faded altar of an unknown god.
  2134 | D:3      | Found a glowing golden altar of the Shining One.
  2657 | D:4      | Reached skill level 5 in Fighting
  2689 | D:4      | Reached XP level 5. HP: 42/48 MP: 4/4
  2781 | D:4      | Found Duxair's Antique Weapon Emporium.
  3386 | D:4      | Reached XP level 6. HP: 47/56 MP: 5/5
  3663 | D:5      | Entered Level 5 of the Dungeon
  3901 | D:5      | Reached skill level 5 in Maces & Flails
  3901 | D:5      | Reached skill level 5 in Armour
  3914 | D:5      | Reached skill level 6 in Fighting
  4106 | D:5      | Reached XP level 7. HP: 47/63 MP: 6/6
  4267 | D:5      | Found a staircase to the Ecumenical Temple.
  4282 | Temple   | Entered the Ecumenical Temple
  4300 | Temple   | Became a worshipper of Warmaster Okawaru
  4346 | D:5      | Found a shadowy altar of Dithmenos.
  4460 | D:6      | Found a sparkling altar of Nemelex Xobeh.
  4461 | D:6      | Found a glowing silver altar of Zin.
  4483 | D:6      | Slain by an unseen horror

Illustrated notes

Levels and vault maps discovered:
D:1:      zelgadis_glass_arrival_small, layout_rooms, minmay_heptomino_o4
D:2:      layout_rooms, serial_shops, nicolae_shop_crystal,
          minmay_misc_feat_five
D:3:      layout_basic, mainiacjoe_overflow_alcove_4,
          shapermc_ecumenical_altar_pompeii
D:4:      layout_basic, serial_shops, nicolae_square_shop
D:5:      layout_basic, kennysheep_mini_moat,
          minmay_temple_entry_statues_fountains
D:6:      layout_basic, mainiacjoe_overflow_chevrons,
          mainiacjoe_overflow_brackets, mainiacjoe_overflow_boulevard,
          gammafunk_temple_overflow_arena, gup_ossuary_entry_pyramid
Temple:   chequers_temple_sunken

Skill      XL: |  1  2  3  4  5  6 |
---------------+-------------------+-----
Fighting       | 4 5 6 |  6.0
Armour         | 4 5 |  5.9
Maces & Flails | 3 4 5 |  5.9
Shields        | 4 |  4.0
Dodging        | 1 2 3 |  3.0

Action                   |  1- 3 |  4- 6 |  7- 9 || total
-------------------------+-------+-------+-------++-------
Melee: Flail             |    99 |   126 |    12 ||   237
       Headbutt          |    14 |    23 |       ||    37
  Use: Scroll            |       |     3 |     2 ||     5
Armor: Scale mail        |    49 |    51 |       ||   100
       Plate armour      |       |    38 |    30 ||    68
Dodge: Dodged            |    53 |    59 |    10 ||   122
Block: Buckler           |    23 |    25 |    11 ||    59

Table legend: (Time is in decaauts)
 A = Elapsed time spent in this place.
 B = Non-inter-level travel time spent in this place.
 C = Inter-level travel time spent in this place.
 D = Time resting spent in this place.
 E = Time spent auto-exploring this place.
 F = Levels seen in this place.
 G = Mean time per level.
                   A        B        C        D        E       F      G
               +--------+--------+--------+--------+--------+-----+--------+
         Total |   4530 |   4384 |    146 |    441 |   3267 |   7 |  647.1 |
       Dungeon |   4497 |   4364 |    133 |    441 |   3259 |   6 |  749.5 |
        Temple |     32 |     19 |     13 |      0 |      8 |   1 |   32.0 |
               +--------+--------+--------+--------+--------+-----+--------+

Top non-repeatable levels by time:
     D:4: 1133 daAuts
     D:3: 1121 daAuts
     D:1: 890 daAuts
     D:5: 768 daAuts
     D:2: 561 daAuts
  Temple: 32 daAuts
     D:6: 23 daAuts
